 Dungeon Crawl Stone Soup version 0.30-a0-989-g0d87f670db (webtiles) character file.

Game seed: 4130426386340247900

151 mopl the Chopper (level 5, -2/36 HPs)
             Began as a Demonspawn Fighter on Apr 3, 2023.
             Was an Initiate of Makhleb.
             Killed from afar by a white imp (7 damage)
             ... with a puff of frost
             ... on level 4 of the Dungeon.
             The game lasted 00:03:14 (1768 turns).

mopl the Chopper (Demonspawn Fighter)               Turns: 1768, Time: 00:03:14

Health: -2/36      AC:  7    Str: 22    XL:     5   Next: 10%
Magic:  6/6        EV:  8    Int: 11    God:    Makhleb [......]
Gold:   147        SH:  9    Dex: 17    Spells: 6/6 levels left

rFire   + + +      SeeInvis +    a - +0 war axe
rCold   . . .      Faith    .    r - +0 kite shield
rNeg    . . .      Spirit   .    b - +0 scale mail
rPois   .          Reflect  .    (no helmet)
rElec   .          Rampage  .    (no cloak)
rCorr   +                        (no gloves)
Will    .....                    k - +0 pair of boots Stlth
                                 (no amulet)
HPRegen 0.26/turn                v - +6 ring of dexterity
MPRegen 0.10/turn                t - ring of Zylex {rF+++ rCorr Str+6 Dex-2 SInv}

@: no status effects
A: demonic magic 2, frail 1
a: Renounce Religion


You were on level 4 of the Dungeon.
You worshipped Makhleb.
Makhleb was noncommittal.
You visited 1 branch of the dungeon, and saw 4 of its levels.

You collected 147 gold pieces.

Inventory:

Hand Weapons
 a - a +0 war axe (weapon)
 n - the +9 short sword "Gynyna" {spect, rElec MP-9 Int+2}
   (You found it on level 2 of the Dungeon)

   Int:       It affects your intelligence (+2).
   rElec:     It insulates you from electricity.
   MP:        It affects your magic capacity (-9).
Missiles
 g - 6 boomerangs (quivered)
 w - 3 poisoned darts
Armour
 b - a +0 scale mail (worn)
 k - a +0 pair of boots (worn)
 q - an orb of guile
 r - a +0 kite shield (worn)
Jewellery
 f - a +6 ring of intelligence
 t - the ring of Zylex (right hand) {rF+++ rCorr Str+6 Dex-2 SInv}
   (You found it on level 3 of the Dungeon)

   [ring of see invisible]

   Str:       It affects your strength (+6).
   Dex:       It affects your dexterity (-2).
   rF:        It renders you almost immune to fire.
   SInv:      It lets you see invisible.
   rCorr:     It protects you from acid and corrosion.
 v - a +6 ring of dexterity (left hand)
 x - a +6 ring of strength
Scrolls
 e - 2 scrolls of poison {unknown}
 h - 2 scrolls of vulnerability {unknown}
 i - 3 scrolls of identify
 j - a scroll of teleportation {unknown}
 o - a scroll of immolation {unknown}
 p - a scroll of blinking {unknown}
 s - a scroll of brand weapon {unknown}
 u - a scroll of fear {unknown}
Potions
 d - a potion of might
 l - 2 potions of flight {unknown}
 m - a potion of cancellation
Miscellaneous
 c - a piece from Xom's chessboard (15/15)


   Skills:
 - Level 3.3 Fighting
 * Level 3.6 Axes
 - Level 2.6 Armour
 - Level 1.1 Dodging
 - Level 3.0 Shields
 - Level 1.1 Spellcasting
 + Level 1.9 Invocations


You had 6 spell levels left.
You didn't know any spells.
Your spell library contained the following spells:

 Spells                   Type           Power      Damage    Failure   Level
 Magic Dart               Conj           0%         1d3       95%         1
 Searing Ray              Conj           0%         2d4       99%         2
 Fulminant Prism          Conj/Hex       0%         3d5       100%        4


Dungeon Overview and Level Annotations

Branches:
Dungeon (4/15)
 Temple: D:4-7

Altars:
Dithmenos
Hepliaklqana
Kikubaaqudgha
Makhleb
Sif Muna
Xom


Innate Abilities, Weirdness & Mutations

Spells you cast may paralyse nearby enemies.
You are frail. (-10% HP)


Message History

Your magic grows more menacing.
Unknown command.
You now have 147 gold pieces (gained 9).
A kobold comes into view. It is wielding a +0 dagger.
The kobold shouts!
The kobold throws a stone.
You block the stone.
You hit the kobold but do no damage.
The kobold hits you but does no damage. x2
You hit the kobold.
The kobold is heavily wounded.
The kobold hits you with a +0 dagger.
You closely miss the kobold.
The kobold is heavily wounded.
You block the kobold's attack. The kobold hits you with a +0 dagger.
You hit the kobold.
You kill the kobold!
Makhleb accepts your kill.
Things that are here:
a +0 dagger; 3 stones; a kobold corpse As you open the door, it creaks loudly!
Found a shimmering blue altar of Sif Muna.
You hear the slow rusting of a distant drain.
You hear the slow hiss of an avalanche of sand very nearby.
A white imp comes into view.
The white imp shouts!
The white imp gestures at you. The puff of frost hits you!
* * * LOW HITPOINT WARNING * * *
You hit the white imp.
The white imp is heavily wounded.
The white imp gestures at you.
The puff of frost hits you but does no damage.
The white imp hits you.
* * * LOW HITPOINT WARNING * * *
The white imp freezes you.
* * * LOW HITPOINT WARNING * * *
It was a potion of mutation.
You feel extremely strange.
You feel frail. The white imp gestures at you. The puff of frost hits you!
You die...

#.###.#
#.###....
#.....#####)#
##.#
+.._..+..##.#
.#
#.....##.##.#
.###.##.##.#
...##.##.#
#'#.....#
#....####
####@# #5#
#.# ... ###


You could see a white imp.

Vanquished Creatures
  A hound (D:4)
  An iguana (D:4)
  4 adders
  2 dart slugs (D:3)
  3 bats
  8 endoplasms
  3 giant cockroaches
  7 hobgoblins
  5 quokkas
  3 ball pythons
  4 frilled lizards
  A goblin (D:1)
  7 kobolds
  6 rats
  A butterfly (D:3)
56 creatures vanquished.

Notes
Turn   | Place    | Note
-------+----------+-------------------------------------------
     0 | D:1      | mopl the Demonspawn Fighter began the quest for the Orb.
     0 | D:1      | Reached XP level 1. HP: 18/18 MP: 1/1
    58 | D:1      | Reached skill level 2 in Axes
   132 | D:1      | Gained mutation: Spells you cast may paralyse adjacent
                  | enemies. [demonic ancestry]
   132 | D:1      | Reached XP level 2. HP: 24/24 MP: 2/2
   584 | D:1      | Found a faded altar of an unknown god.
   659 | D:2      | Reached XP level 3. HP: 20/29 MP: 3/3
   883 | D:2      | Identified the +9 short sword "Gynyna" {spect, rElec MP-9
                  | Int+2}
   954 | D:2      | Found Nanywk's Antique Armour Shop.
  1115 | D:3      | Reached skill level 1 in Dodging
  1115 | D:3      | Reached skill level 1 in Spellcasting
  1149 | D:3      | Found a shimmering altar of Xom.
  1152 | D:3      | Reached skill level 3 in Shields
  1179 | D:3      | Reached XP level 4. HP: 34/35 MP: 5/5
  1196 | D:3      | Identified the ring of Zylex {rF+++ rCorr Str+6 Dex-2 SInv}
  1262 | D:3      | Found a burning altar of Makhleb.
  1262 | D:3      | Found a hazy altar of Hepliaklqana.
  1264 | D:3      | Found an ancient bone altar of Kikubaaqudgha.
  1335 | D:3      | Became a worshipper of Makhleb the Destroyer
  1357 | D:3      | Found a shadowy altar of Dithmenos.
  1728 | D:4      | Reached skill level 3 in Axes
  1734 | D:4      | Reached skill level 1 in Invocations
  1736 | D:4      | Gained mutation: Spells you cast may paralyse nearby
                  | enemies. [demonic ancestry]
  1736 | D:4      | Reached XP level 5. HP: 13/41 MP: 6/6
  1763 | D:4      | Found a shimmering blue altar of Sif Muna.
  1768 | D:4      | Gained mutation: You are frail. (-10% HP) [potion of
                  | mutation]
  1768 | D:4      | Killed from afar by a white imp

Illustrated notes

Levels and vault maps discovered:
D:1:      evilmike_arrival_plus, layout_loops_ring,
          dilly_ecumenical_altar_fadedgnrine
D:2:      layout_rooms, serial_shops, nicolae_shop_behind_doors,
          chequers_serial_rivers_room_a
D:3:      layout_basic, xom_butterflies, nicolae_overflow_quartered_altars
D:4:      layout_loops_ring, lemuel_crystal_altar,
          mainiacjoe_overflow_six_doors_small, portal_sewer_entry_b,
          gup_ossuary_entry_pyramid, hangedman_feature_mirror,
          guppyfry_early_orc_mine

Skill      XL: |  1  2  3  4 |
---------------+-------------+-----
Axes           | 2 3 |  3.6
Dodging        | 1 |  1.1
Spellcasting   | 1 |  1.1
Shields        | 3 |  3.0
Invocations    | 1 |  1.9
Fighting       | |  3.3
Armour         | |  2.6

Action                     |  1- 3 |  4- 6 || total
---------------------------+-------+-------++-------
  Melee: War axe           |   101 |    38 ||   139
    Use: Scroll            |       |     1 ||     1
         Potion            |       |     1 ||     1
 Armour: Scale mail        |    40 |    18 ||    58
  Dodge: Dodged            |    54 |    19 ||    73
  Block: Buckler           |    29 |       ||    29
         Kite shield       |     3 |    23 ||    26

Table legend: (Time is in decaauts)
 A = Elapsed time spent in this place.
 B = Non-inter-level travel time spent in this place.
 C = Inter-level travel time spent in this place.
 D = Time resting spent in this place.
 E = Time spent auto-exploring this place.
 F = Levels seen in this place.
 G = Mean time per level.
                   A        B        C        D        E       F      G
               +--------+--------+--------+--------+--------+-----+--------+
         Total |   1829 |   1722 |    107 |      0 |   1276 |   4 |  457.2 |
       Dungeon |   1829 |   1722 |    107 |      0 |   1276 |   4 |  457.2 |
               +--------+--------+--------+--------+--------+-----+--------+

Top non-repeatable levels by time:
     D:1: 657 daAuts
     D:3: 635 daAuts
     D:2: 481 daAuts
     D:4: 54 daAuts
